[ AOE2 MATCH · #495180036 ]
UnrankedPoles vs Muisca
Player's team · WIN
Rival team · LOSS
[ REPLAY ANALYSIS · EXTRACTED FROM THE RECORDED GAME ]
Feudal
8:51
Castle
21:18
Imperial
—
| APM avg | 56.5 |
| APM peak | 102 |
| eAPM avg | 20.5 |
| Villagers / military | 49 / 11 |
Focus
⚔️ 44.3% · 🌾 55.7%
Scout Cavalry ×11
Feudal
11:25
Castle
15:10
Imperial
—
| APM avg | 56.7 |
| APM peak | 119 |
| eAPM avg | 23.1 |
| Villagers / military | 47 / 0 |
Focus
⚔️ 47.1% · 🌾 52.9%
Unknown (2562) ×15
Match map
Initial resources + every placement click. Lines = walls · curves = elevation contours. ◆ gold · ⬟ stone · ● berries · ✦ relic · ◌ wall gap
Your base· ✓ Closed at 21:18 · 48t walls · no gate
RedPhosphoru's base· ✓ Closed at 15:10 · 60t walls · no gate
Smoothed initial terrain · ◌ = detected wall gap · hover for details
Inputs per minute
— Biry - - RedPhosphoru
Build order — Biry
139 actions detected in the replay
| 0:01 | Create | Villager (Male) |
| 0:01 | Create | Villager (Male) |
| 0:01 | Create | Villager (Male) |
| 0:01 | Create | Villager (Male) |
| 0:02 | Build | House |
| 0:03 | Build | House |
| 1:22 | Create | Villager (Male) |
| 1:22 | Create | Villager (Male) |
| 1:47 | Build | Lumber Camp |
| 2:00 | Create | Villager (Male) |
| 2:01 | Create | Villager (Male) |
| 2:19 | Create | Villager (Male) |
| 2:19 | Create | Villager (Male) |
| 2:29 | Create | Villager (Male) |
| 2:50 | Create | Villager (Male) |
| 2:50 | Create | Villager (Male) |
| 3:31 | Create | Villager (Male) |
| 3:31 | Create | Villager (Male) |
| 3:53 | Build | Mill |
| 4:28 | Create | Villager (Male) |
| 4:58 | Create | Villager (Male) |
| 4:58 | Create | Villager (Male) |
| 5:22 | Create | Villager (Male) |
| 5:41 | Create | Villager (Male) |
| 5:57 | Create | Villager (Male) |
| 6:41 | Research | Feudal Age |
| 7:14 | Build | Barracks |
| 7:41 | Build | House |
| 8:06 | Research | Loom |
| 8:51 | Age | Feudal Age |
| 8:52 | Create | Villager (Male) |
| 8:54 | Build | Stable |
| 8:59 | Research | Double-Bit Axe |
| 9:01 | Build | Watch Tower |
| 9:12 | Create | Villager (Male) |
| 9:20 | Build | House |
| 9:30 | Create | Villager (Male) |
| 9:44 | Create | Scout Cavalry |
| 9:44 | Create | Scout Cavalry |
| 9:49 | Build | Palisade Wall |
| 9:49 | Build | Palisade Wall |
| 9:50 | Build | Palisade Wall |
| 9:50 | Build | Palisade Wall |
| 9:57 | Build | House |
| 10:13 | Build | Farm |
| 10:27 | Build | Farm |
| 10:33 | Create | Villager (Male) |
| 10:34 | Create | Villager (Male) |
| 10:35 | Build | House |
| 10:40 | Build | Farm |
| 10:55 | Create | Scout Cavalry |
| 11:00 | Build | Farm |
| 11:02 | Build | Farm |
| 11:09 | Create | Villager (Male) |
| 11:10 | Create | Villager (Male) |
| 11:10 | Create | Villager (Male) |
| 11:17 | Build | Mining Camp |
| 11:23 | Build | Palisade Wall |
| 11:33 | Create | Villager (Male) |
| 11:33 | Create | Villager (Male) |
| 11:33 | Create | Villager (Male) |
| 11:49 | Create | Villager (Male) |
| 11:51 | Build | House |
| 12:12 | Create | Villager (Male) |
| 12:15 | Build | Mill |
| 12:27 | Build | Stone Wall |
| 12:55 | Create | Villager (Male) |
| 13:00 | Build | Watch Tower |
| 13:04 | Create | Scout Cavalry |
| 13:05 | Create | Villager (Male) |
| 13:07 | Build | Farm |
| 13:07 | Build | Farm |
| 13:15 | Build | Stone Wall |
| 13:23 | Build | Stone Wall |
| 13:33 | Create | Villager (Male) |
| 13:45 | Build | Farm |
| 13:46 | Research | Horse Collar |
| 13:46 | Research | Horse Collar |
| 13:56 | Build | Blacksmith |
| 13:59 | Build | Stone Wall |
| 14:01 | Build | Stone Wall |
| 14:05 | Build | Palisade Wall |
| 14:06 | Build | Palisade Wall |
| 14:08 | Build | Palisade Wall |
| 14:20 | Create | Villager (Male) |
| 14:27 | Build | Stone Wall |
| 14:35 | Build | Watch Tower |
| 14:39 | Create | Villager (Male) |
| 14:45 | Build | Farm |
| 14:51 | Build | Stone Wall |
| 14:57 | Research | Town Watch |
| 14:57 | Research | Town Watch |
| 15:36 | Create | Villager (Male) |
| 15:49 | Create | Villager (Male) |
| 15:52 | Build | Farm |
| 16:04 | Build | Outpost |
| 16:11 | Build | Mining Camp |
| 16:27 | Create | Villager (Male) |
| 16:42 | Create | Villager (Male) |
| 16:53 | Create | Villager (Male) |
| 17:11 | Build | Outpost |
| 17:13 | Build | Stone Wall |
| 17:25 | Create | Villager (Male) |
| 17:31 | Build | Watch Tower |
| 17:44 | Create | Villager (Male) |
| 18:00 | Build | Watch Tower |
| 18:32 | Build | Farm |
| 18:38 | Research | Castle Age |
| 18:38 | Research | Castle Age |
| 18:38 | Research | Castle Age |
| 19:00 | Create | Scout Cavalry |
| 19:07 | Build | Palisade Wall |
| 19:08 | Build | Palisade Wall |
| 19:08 | Build | Palisade Wall |
| 19:12 | Create | Scout Cavalry |
| 19:22 | Build | Farm |
| 19:25 | Build | Stable |
| 19:46 | Research | Scale Barding Armor |
| 19:46 | Research | Scale Barding Armor |
| 20:04 | Create | Scout Cavalry |
| 20:07 | Create | Villager (Male) |
| 20:08 | Build | Farm |
| 20:10 | Build | Lumber Camp |
| 20:12 | Build | Farm |
| 20:13 | Build | Farm |
| 20:40 | Build | Market |
| 20:43 | Create | Scout Cavalry |
| 20:44 | Create | Scout Cavalry |
| 20:55 | Create | Villager (Male) |
| 21:03 | Research | Forging |
| 21:03 | Research | Forging |
| 21:18 | Age | Castle Age |
| 21:20 | Research | Light Cavalry (upgrade) |
| 21:20 | Research | Light Cavalry (upgrade) |
| 21:26 | Build | Watch Tower |
| 21:46 | Create | Scout Cavalry |
| 21:46 | Create | Scout Cavalry |
| 21:58 | Create | Villager (Male) |
| 22:11 | Build | House |
Build order — RedPhosphoru
124 actions detected in the replay
| 0:00 | Create | Villager (Male) |
| 0:00 | Create | Villager (Male) |
| 0:02 | Build | House |
| 0:04 | Build | House |
| 0:12 | Create | Villager (Male) |
| 0:15 | Create | Villager (Male) |
| 1:29 | Create | Villager (Male) |
| 1:55 | Create | Villager (Male) |
| 2:15 | Build | Settlement |
| 2:19 | Create | Villager (Male) |
| 2:31 | Create | Villager (Male) |
| 2:44 | Create | Villager (Male) |
| 3:06 | Create | Villager (Male) |
| 3:09 | Build | Palisade Wall |
| 3:25 | Create | Villager (Male) |
| 4:02 | Build | Palisade Wall |
| 4:06 | Create | Villager (Male) |
| 4:36 | Create | Villager (Male) |
| 4:56 | Create | Villager (Male) |
| 5:08 | Create | Villager (Male) |
| 5:24 | Create | Villager (Male) |
| 5:31 | Build | Palisade Wall |
| 5:33 | Build | Palisade Wall |
| 5:33 | Build | Palisade Wall |
| 5:34 | Build | Palisade Wall |
| 5:35 | Create | Villager (Male) |
| 5:36 | Create | Villager (Male) |
| 5:51 | Create | Villager (Male) |
| 6:01 | Build | Settlement |
| 6:04 | Build | Palisade Wall |
| 6:04 | Create | Villager (Male) |
| 6:23 | Create | Villager (Male) |
| 6:45 | Create | Villager (Male) |
| 6:49 | Create | Villager (Male) |
| 6:55 | Create | Villager (Male) |
| 7:04 | Create | Villager (Male) |
| 7:09 | Research | Loom |
| 7:19 | Build | Palisade Wall |
| 7:25 | Create | Villager (Male) |
| 7:37 | Build | Palisade Wall |
| 8:01 | Create | Villager (Male) |
| 8:58 | Research | Feudal Age |
| 9:03 | Build | House |
| 9:18 | Build | House |
| 9:45 | Build | Farm |
| 9:55 | Create | Villager (Male) |
| 10:46 | Build | Palisade Wall |
| 10:56 | Build | Palisade Wall |
| 10:57 | Build | Palisade Wall |
| 11:00 | Build | House |
| 11:02 | Build | House |
| 11:04 | Create | Villager (Male) |
| 11:25 | Age | Feudal Age |
| 11:31 | Build | Market |
| 11:39 | Build | Blacksmith |
| 11:48 | Build | Farm |
| 12:01 | Build | Stone Wall |
| 12:02 | Build | Stone Wall |
| 12:03 | Build | Stone Wall |
| 12:03 | Build | Stone Wall |
| 12:06 | Build | Palisade Wall |
| 12:30 | Research | Castle Age |
| 12:42 | Build | House |
| 12:43 | Build | House |
| 13:03 | Build | House |
| 13:12 | Build | House |
| 13:19 | Build | Farm |
| 13:23 | Build | Farm |
| 13:25 | Build | Farm |
| 13:36 | Build | Farm |
| 13:56 | Build | Stone Wall |
| 13:56 | Build | Stone Wall |
| 13:58 | Build | Stone Wall |
| 14:00 | Build | Stone Wall |
| 14:05 | Build | Farm |
| 14:08 | Build | Palisade Wall |
| 14:15 | Create | Villager (Male) |
| 14:57 | Build | Palisade Wall |
| 15:10 | Age | Castle Age |
| 15:12 | Build | Castle |
| 15:13 | Create | Villager (Male) |
| 15:17 | Build | Palisade Wall |
| 15:17 | Build | Palisade Wall |
| 15:44 | Build | Settlement |
| 15:45 | Create | Villager (Male) |
| 16:10 | Create | Villager (Male) |
| 16:24 | Create | Unit 2562 |
| 16:24 | Create | Unit 2562 |
| 16:24 | Create | Unit 2562 |
| 16:38 | Build | Settlement |
| 16:40 | Create | Villager (Male) |
| 16:55 | Create | Unit 2562 |
| 17:04 | Create | Villager (Male) |
| 17:08 | Create | Villager (Male) |
| 17:26 | Build | Outpost |
| 17:35 | Research | Double-Bit Axe |
| 17:42 | Create | Villager (Male) |
| 17:51 | Create | Unit 2562 |
| 17:56 | Build | Outpost |
| 18:00 | Create | Unit 2562 |
| 18:03 | Create | Villager (Male) |
| 18:11 | Create | Unit 2562 |
| 18:21 | Create | Villager (Male) |
| 18:40 | Create | Unit 2562 |
| 18:41 | Create | Villager (Male) |
| 18:46 | Create | Unit 2562 |
| 18:55 | Research | Fletching |
| 19:04 | Create | Unit 2562 |
| 19:05 | Create | Villager (Male) |
| 19:26 | Create | Villager (Male) |
| 19:44 | Create | Villager (Male) |
| 20:07 | Create | Unit 2562 |
| 20:15 | Build | Palisade Gate |
| 20:22 | Create | Unit 2562 |
| 20:25 | Build | Settlement |
| 20:28 | Create | Unit 2562 |
| 20:44 | Create | Villager (Male) |
| 20:54 | Build | House |
| 21:04 | Create | Unit 2562 |
| 21:17 | Create | Unit 2562 |
| 21:29 | Build | Town Center |
| 21:39 | Create | Villager (Male) |
| 21:42 | Create | Villager (Male) |
| 22:06 | Create | Villager (Male) |
Match timeline
| 3:09 | RedPhosphoru · wall_segment Palisade Wall x7 |
| 4:02 | RedPhosphoru · wall_segment Palisade Wall x1 |
| 5:31 | RedPhosphoru · wall_segment Palisade Wall x8 |
| 5:33 | RedPhosphoru · wall_segment Palisade Wall x1 |
| 5:33 | RedPhosphoru · wall_segment Palisade Wall x1 |
| 5:34 | RedPhosphoru · wall_segment Palisade Wall x1 |
| 6:04 | RedPhosphoru · wall_segment Palisade Wall x5 |
| 7:14 | Biry · first_building Barracks |
| 7:19 | RedPhosphoru · wall_segment Palisade Wall x16 |
| 7:37 | RedPhosphoru · wall_segment Palisade Wall x6 |
| 8:51 | Biry · age_up feudal |
| 8:54 | Biry · first_building Stable |
| 9:49 | Biry · wall_segment Palisade Wall x1 |
| 9:49 | Biry · wall_segment Palisade Wall x1 |
| 9:50 | Biry · wall_segment Palisade Wall x1 |
| 9:50 | Biry · wall_segment Palisade Wall x1 |
| 10:46 | RedPhosphoru · wall_segment Palisade Wall x1 |
| 10:56 | RedPhosphoru · wall_segment Palisade Wall x1 |
| 10:57 | RedPhosphoru · wall_segment Palisade Wall x1 |
| 11:23 | Biry · wall_segment Palisade Wall x1 |
| 11:25 | RedPhosphoru · age_up feudal |
| 12:01 | RedPhosphoru · wall_segment Stone Wall x1 |
| 12:02 | RedPhosphoru · wall_segment Stone Wall x1 |
| 12:03 | RedPhosphoru · wall_segment Stone Wall x1 |
| 12:03 | RedPhosphoru · wall_segment Stone Wall x1 |
| 12:06 | RedPhosphoru · wall_segment Palisade Wall x1 |
| 12:27 | Biry · wall_segment Stone Wall x6 |
| 12:29 | RedPhosphoru · first_market_sell 100 stone |
| 13:15 | Biry · wall_segment Stone Wall x13 |
| 13:23 | Biry · wall_segment Stone Wall x2 |
| 13:56 | RedPhosphoru · wall_segment Stone Wall x1 |
| 13:56 | RedPhosphoru · wall_segment Stone Wall x1 |
| 13:58 | RedPhosphoru · wall_segment Stone Wall x1 |
| 13:59 | Biry · wall_segment Stone Wall x1 |
| 14:00 | RedPhosphoru · wall_segment Stone Wall x1 |
| 14:01 | Biry · wall_segment Stone Wall x1 |
| 14:05 | Biry · wall_segment Palisade Wall x1 |
| 14:06 | Biry · wall_segment Palisade Wall x1 |
| 14:08 | Biry · wall_segment Palisade Wall x1 |
| 14:08 | RedPhosphoru · wall_segment Palisade Wall x1 |
| 14:27 | Biry · wall_segment Stone Wall x5 |
| 14:51 | Biry · wall_segment Stone Wall x8 |
| 14:57 | RedPhosphoru · wall_segment Palisade Wall x1 |
| 15:10 | RedPhosphoru · age_up castle |
| 15:12 | RedPhosphoru · first_building Castle |
| 15:17 | RedPhosphoru · wall_segment Palisade Wall x1 |
| 15:17 | RedPhosphoru · wall_segment Palisade Wall x1 |
| 16:34 | RedPhosphoru · first_market_buy 100 wood |
| 17:13 | Biry · wall_segment Stone Wall x1 |
| 19:07 | Biry · wall_segment Palisade Wall x1 |
| 19:08 | Biry · wall_segment Palisade Wall x1 |
| 19:08 | Biry · wall_segment Palisade Wall x1 |
| 21:18 | Biry · age_up castle |
| 21:45 | Biry · first_market_buy 100 food |
| 22:11 | RedPhosphoru · resign |
[ AI ANALYSIS · 1 CREDIT ]
What really happened in this match?
Wolo.gg analyzes every decision: build order, eco, micro, common mistakes by bracket. Personalized analysis on WhatsApp or Discord in 30 seconds.
Civ guide
Poles
Perfil
Jugador #23053479